Cogmind - Beta 17 @@@ ROGUE MODE // 2026.06.25 @ 21:27:46 Player: 3.14 Result: Destroyed by H-55 Commando with Gauss Rifle Performance ------------- Evolutions (1) 500 Regions Visited (3) 600 Robots Destroyed (94) 470 Value Destroyed (2066) 2066 Prototype IDs (5) 100 Alien Tech Used (0) 0 Bonus (10538) 10538 TOTAL SCORE: 14274 Bonus ------- High Alert Combat Kills 43 Follower Combat Kills 45 Prayed to X0-1V1 5000 Major X0-1V1 Interference 5450 Cogmind --------- Core Integrity 0/400 Matter 135/150 Energy 93/100 System Corruption 0% Temperature Cool (0) Movement Core (50) Location -9/Storage Parts ------- > --- POWER (2) -------- (None) > --- PROPULSION (2) --- Light Treads > --- UTILITY (3) ------ (None) > --- WEAPON (2) ------- (None) > --- INVENTORY (5) ---- Transport Network Coupler Autogun Peak State ------------ > --- POWER ------------ Nuclear Core Nuclear Core > --- PROPULSION ------- Armored Treads Armored Treads > --- UTILITY ---------- Improved Heat Sink Huge Storage Unit Heavy Armor Plating > --- WEAPON ----------- Advanced Beam Cannon Autogun Autogun Autogun > --- INVENTORY -------- Light Treads Light Treads Light Treads Armored Treads Armored Treads Improved Flight Unit Improved Flight Unit High-capacity Matter Pod Sensor Array Transport Network Coupler Heavy Armor Plating Heavy Armor Plating Hacking Suite Hacking Suite X0-1V1's Piety Tracker Beam Rifle Beam Rifle Heavy Assault Rifle Grenade Launcher Mini Grenade Launcher Heavy Hammer [Rating: 37] Favorites ----------- Power Nuclear Core Engine Light Ion Engine Power Core Nuclear Core Propulsion Light Treads Treads Light Treads Leg Aluminum Leg Wheel Wheel Flight Unit Improved Flight Unit Utility Huge Storage Unit Device X0-1V1's Piety Tracker Storage Huge Storage Unit Processor Signal Interpreter Protection Heavy Armor Plating Weapon Autogun Energy Cannon Advanced Beam Cannon Ballistic Gun Autogun Ballistic Cannon Improved Light Cannon Launcher Grenade Launcher Impact Weapon Heavy Hammer Build | -11 -10 -9 -9 ------- Run | Yrd Mat Mat Sto Slots Evolved 2 | . . 2 . Power . | . . . . Propulsion 1 | . . 1 . Utility 1 | . . 1 . Weapon . | . . . . Parts Attached 64 | 6 10 32 16 Power 7 | 1 1 2 3 Engine 4 | 1 1 . 2 Core 3 | . . 2 1 Reactor . | . . . . Propulsion 23 | 2 3 15 3 Treads 15 | 2 . 11 2 Leg 4 | . 2 2 . Wheel 3 | . 1 2 . Hover . | . . . . Flight 1 | . . . 1 Utility 14 | 1 2 7 4 Device 4 | . . 3 1 Storage 2 | 1 1 . . Processor 1 | . . 1 . Hackware . | . . . . Protection 7 | . 1 3 3 Artifact . | . . . . Weapon 20 | 2 4 8 6 Energy Gun . | . . . . Energy Cannon 1 | . . 1 . Ballistic Gun 13 | 2 1 5 5 Ballistic Cannon 2 | . 2 . . Launcher 3 | . 1 1 1 Special Weapon . | . . . . Impact Weapon 1 | . . 1 . Slashing Weapon . | . . . . Piercing Weapon . | . . . . Special Melee Weapon . | . . . . Unidentified Prototypes 5 | . . 2 3 Parts Lost 6 | . . . 6 Power 1 | . . . 1 Propulsion 2 | . . . 2 Utility 1 | . . . 1 Weapon 2 | . . . 2 Highest Loss Streak 6 | . . . 6 To Critical Strikes 1 | . . . 1 Average Backups 19 | 1 16 22 22 Power . | . 1 . . Propulsion 4 | 1 3 4 7 Utility 6 | . 3 9 8 Weapon 7 | . 9 7 6 Tool/Special . | . . . . Unused Backups 38 | . 2 20 16 Power 2 | . 1 1 . Propulsion 10 | . . 3 7 Utility 17 | . . 9 8 Weapon 9 | . 1 7 1 Tool/Special . | . . . . Average Slot Usage (%) 94 | . 98 91 92 Engine 8 | . 14 2 10 Core 6 | . . 12 7 Treads 19 | . 14 24 18 Leg 5 | . 7 5 . Wheel 3 | . 5 2 . Device 2 | . . 2 4 Storage 16 | . 26 10 9 Protection 5 | . . 9 8 Ballistic Gun 18 | . 15 15 31 Ballistic Cannon 5 | . 12 . . Impact Weapon 1 | . . 2 . Peak Build Rating 37 | 6 11 35 37 Average Rating 19 | 5 9 24 31 On Entrance 12 | . 6 10 35 Avg Prop Armor Cover (%) 7 | . 8 4 35 Naked Turns 1 | . . . 1 Heaviest Build 124 | 11 95 112 124 Greatest Support 60 | 40 40 60 60 Greatest Overweight (x) 9 | . 9 9 3 Average Overweight (x) 3 | . 5 1 2 Largest Inventory Capacity 25 | 8 25 25 25 Average Capacity 24 | 6 23 25 24 Most Carried 25 | 4 25 25 25 Average Carried 21 | 1 16 24 24 Final Capacity 25 | 8 25 25 5 Final Carried 24 | 4 24 24 2 Class Distribution -------------------- 85% | Mutant 5% | Scavenger-Tank 3% | Tank Dominant Class ---------------- Mutant | -10/Materials Mutant | -9/Materials Scavenger-Tank | -9/Storage Resources | -11 -10 -9 -9 ----------- Run | Yrd Mat Mat Sto Matter Collected 2970 | 244 424 1528 774 Remotely . | . . . . Salvage Created 3201 | . 718 1481 1002 Parts 199 | . 42 88 69 Haulers Intercepted 6 | . 2 4 . Recyclers Shooed 11 | . 3 3 5 Parts Field Recycled . | . . . . Retrieved Matter . | . . . . Parts Self-Destructed . | . . . . Prevented . | . . . . Parts Restored . | . . . . Kills | -11 -10 -9 -9 ------- Run | Yrd Mat Mat Sto Combat Hostiles Destroyed 63 | . 16 27 20 Guns 42 | . 4 22 16 Cannons 12 | . 10 2 . AOE 8 | . 2 3 3 Classes Destroyed 11 | . 5 6 . Worker 3 | . . 1 2 Builder 2 | . . 1 1 Tunneler 2 | . . 2 . Hauler 6 | . 2 4 . Recycler 9 | . 3 3 3 Operator 7 | . 3 2 2 Watcher 2 | . . 1 1 Swarmer 23 | . 6 10 7 Grunt 27 | . 10 7 10 Brawler 2 | . . 1 1 Sentry 11 | . . 9 2 Best Kill Streak 5 | . 3 5 5 Combat Bots Only 4 | . 3 4 4 Max Kills in Single Turn 3 | . 2 2 3 Gunslinging 1 | . . 1 1 Exploded 3 | . 2 2 3 Melee . | . . . . Uniques/NPCs Destroyed . | . . . . Combat | -11 -10 -9 -9 -------- Run | Yrd Mat Mat Sto Hostile Shots Fired 487 | . 82 218 187 Missed 147 | . 26 72 49 Hits 340 | . 56 146 138 Melee 1 | . . 1 . Projectile 339 | . 56 145 138 Critical Strikes 9 | . 1 5 3 Damage Taken 4011 | . 545 1467 1999 Core 704 | . 142 192 370 Absorbed by Shields . | . . . . Ignored by Resistances 172 | . . 132 40 Core Remaining (%) 86 | 100 72 . . Volleys Fired 225 | . 65 113 47 Largest 5 | . 2 3 5 Hottest 115 | . 53 114 115 Shots Fired 495 | . 130 214 151 Gun 410 | . 72 188 150 Cannon 80 | . 57 23 . Launcher 5 | . 1 3 1 Special . | . . . . Kinetic 478 | . 129 199 150 Thermal 12 | . . 12 . Explosive 5 | . 1 3 1 Electromagnetic . | . . . . Robot Hit Streak 15 | . 6 15 12 Robot Miss Streak 9 | . 5 4 9 Penetration Max . | . . . . Secondary Targets 9 | . . 5 4 Max Gunslinging Chain 2 | . . 1 2 Shots Hit Robots 266 | . 64 130 72 Core Hits 129 | . 33 55 41 Critical Kills 2 | . . 1 1 Critical Parts Destroyed 3 | . 1 2 . Critical Strikes 6 | . 2 3 1 Destroy 4 | . 1 2 1 Blast 1 | . 1 . . Smash 1 | . . 1 . Melee Attacks 9 | . . 5 4 Impact 9 | . . 5 4 Slashing . | . . . . Piercing . | . . . . Sneak Attacks 1 | . . 1 . Combat Hostiles . | . . . . Follow-up Attacks . | . . . . Damage Inflicted 5013 | . 1166 2519 1328 Guns 3241 | . 304 1722 1215 Cannons 1151 | . 718 433 . Explosions 417 | . 132 177 108 Melee 104 | . . 104 . Ramming 100 | . 12 83 5 Kinetic 4131 | . 1022 1894 1215 Thermal 163 | . . 163 . Explosive 417 | . 132 177 108 Electromagnetic . | . . . . Impact 104 | . . 104 . Slashing . | . . . . Piercing . | . . . . Entropic 98 | . . 98 . Highest Corruption 14 | . 2 6 14 Average Corruption 6 | . 1 4 14 Corruption Purged . | . . . . Corruption Blocked . | . . . . Effects 84 | . 6 41 37 Message Errors 22 | . 2 9 11 Matter Fused 22 | . . 11 11 Heat Flow Errors 10 | . 1 6 3 Energy Discharges 11 | . 1 7 3 Parts Rejected 3 | . . 2 1 Data Loss (minor) 6 | . 1 4 1 Data Loss (major) 2 | . . . 2 Misfires 2 | . 1 1 . Alerts 3 | . . 1 2 Misdirections 1 | . . . 1 Weapon Failures 2 | . . . 2 Overload Shots . | . . . . Overflow Damage 90 | . . 90 . Projectiles . | . . . . Explosions 9 | . . 9 . Melee 81 | . . 81 . Knockbacks 11 | . 10 1 . Impact 1 | . . 1 . Kinetic 8 | . 8 . . Secondary 2 | . 2 . . Self-Inflicted Damage 35 | . 20 . 15 Shots 2 | . 1 . 1 Rammed 16 | . 3 11 2 Targets Rammed 19 | . 5 12 2 Kicked 1 | . 1 . . Crushed 2 | . 1 1 . Highest Temperature 298 | . 85 298 292 Average Temperature 69 | . 13 77 80 Received Heat Transfer 924 | . 162 606 156 Effects 3 | . . . 3 Interference 3 | . . . 3 Siege Activations . | . . . . Martial Activations . | . . . . Shielding Activations . | . . . . Robots Disrupted . | . . . . Combat Hostiles . | . . . . Robots Corrupted . | . . . . Combat Hostiles . | . . . . Parts Fried 2 | . . 2 . Impact Corruptions 2 | . . 2 . Robots Melted . | . . . . Combat Hostiles . | . . . . Parts Melted 1 | . . 1 . Heat Transferred 296 | . . 296 . Parts Sabotaged . | . . . . Parts Stolen . | . . . . Parts Stripped . | . . . . Power Chain Reactions . | . . . . Alert | -11 -10 -9 -9 ------- Run | Yrd Mat Mat Sto Maximum Alert Level 2 | . 1 2 2 Low Security (%) 58 | 100 99 39 7 Level 1 30 | . . 42 76 Level 2 10 | . . 17 15 Level 3 . | . . . . Level 4 . | . . . . Level 5 . | . . . . High Security . | . . . . Max Security . | . . . . Peak Influence 669 | . 205 669 627 Initial 256 | . . . 256 Average 182 | . 56 253 308 Influence Increases 2621 | . 545 1251 825 Destroy 0b10 Robot/C 1300 | . 320 560 420 Destroy 0b10 Robot/NC 170 | . 40 80 50 Destroy Leader 310 | . 64 154 92 Allied During Kill 9 | . . 6 3 Successful Hack 18 | . 5 6 7 Disable Machine 105 | . 30 45 30 Destroy Structure 69 | . 11 47 11 Lose Combat Pursuer 90 | . 75 15 . Miscellaneous 550 | . . 338 212 Influence Decreases 2086 | . 545 644 897 Entered New Map 351 | . . . 351 Time Decay 1368 | . 411 511 446 Lost Part 60 | . . . 60 Lost Ally 100 | . . 60 40 Purge Threat 207 | . 134 73 . Squads Dispatched 13 | . 5 2 6 Investigation 2 | . 2 . . Extermination . | . . . . Reinforcement 11 | . 3 2 6 Assault . | . . . . Garrison . | . . . . Intercept . | . . . . Searches Triggered . | . . . . Construction Impeded . | . . . . Haulers Reinforced . | . . . . Active Scanning Responses . | . . . . Cargo Convoy Interrupts . | . . . . Stealth | -11 -10 -9 -9 --------- Run | Yrd Mat Mat Sto Distress Signals 9 | . . 6 3 Communications Jammed . | . . . . Distress Signals . | . . . . Times Spotted 137 | . 36 57 44 Peak Tracking Total 13 | . 4 5 13 Tactical Retreats 5 | . 4 1 . Traps | -11 -10 -9 -9 ------- Run | Yrd Mat Mat Sto Traps Triggered 5 | . 3 2 . Indirectly . | . . . . Trap Hack Attempts . | . . . . Triggered . | . . . . Disarmed . | . . . . Reprogrammed . | . . . . Reused . | . . . . Traps Extracted . | . . . . Installed . | . . . . Triggered . | . . . . Machines | -11 -10 -9 -9 ---------- Run | Yrd Mat Mat Sto Machines Disabled 7 | . 2 3 2 Max in Single Turn 1 | . 1 1 1 Machines Repaired . | . . . . Machines Dismantled . | . . . . Machines Sabotaged . | . . . . Overloaded Fab Kills . | . . . . Hacking | -11 -10 -9 -9 --------- Run | Yrd Mat Mat Sto Machines Accessed 10 | . 4 5 1 Terminals 9 | . 3 5 1 Fabricators . | . . . . Repair Stations 1 | . 1 . . Recycling Units . | . . . . Scanalyzers . | . . . . Garrison Access . | . . . . Total Hacks 23 | . 11 10 2 Successful 8 | . 5 2 1 Failed 15 | . 6 8 1 Catastrophic 2 | . . 2 . Database Lockouts . | . . . . Manual 16 | . 9 7 . Terminals 20 | . 8 10 2 Fabricators . | . . . . Repair Stations 3 | . 3 . . Recycling Units . | . . . . Scanalyzers . | . . . . Garrison Access . | . . . . Terminal Hacks 3 | . 1 1 1 Open Door 1 | . . . 1 Unreport Threat 2 | . 1 1 . Fabricator Hacks . | . . . . Repair Station Hacks 1 | . 1 . . Scan Component 1 | . 1 . . Recycling Unit Hacks . | . . . . Scanalyzer . | . . . . Garrison Access Hacks . | . . . . Unauthorized Hacks 4 | . 3 1 . Terminals 4 | . 3 1 . Botnet 2 | . 2 . . Operators 1 | . . 1 . Skim 1 | . 1 . . Fabricators . | . . . . Repair Stations . | . . . . Recycling Units . | . . . . Scanalyzers . | . . . . Garrison Access . | . . . . Data Cores Recovered . | . . . . Used . | . . . . Hacking Detections 10 | . 4 5 1 Full Trace Events 1 | . 1 . . Feedback Events . | . . . . Feedback Blocked . | . . . . Robot Schematics Acquired . | . . . . Robots Built . | . . . . Authchips . | . . . . Time . | . . . . Total Robot Build Rating . | . . . . Part Schematics Acquired . | . . . . Parts Built . | . . . . Authchips . | . . . . Time . | . . . . Total Part Build Rating . | . . . . Part Studies Acquired . | . . . . Parts Repaired . | . . . . Time . | . . . . Parts Recycled . | . . . . Recycled Matter . | . . . . Retrieved Matter . | . . . . Retrieved Components . | . . . . Parts Scanalyzed . | . . . . Part Schematics Acquired . | . . . . Parts Damaged . | . . . . Bothacking | -11 -10 -9 -9 ------------ Run | Yrd Mat Mat Sto Used RIF Installer . | . . . . Robots Hacked . | . . . . Non-combat . | . . . . Combat . | . . . . Robot Hacks Applied . | . . . . Relay Couplers Released . | . . . . Fabnet Peak Effective % . | . . . . Robots Rewired . | . . . . Allies Hacked . | . . . . Hacks Repelled . | . . . . Allies | -11 -10 -9 -9 -------- Run | Yrd Mat Mat Sto Total Allies 9 | . . 4 5 Largest Group 4 | . . 4 1 Highest-Rated Group 100 | . . 100 5 Highest-Rated Ally 25 | . . 25 5 Total Orders . | . . . . Ally Attacks 18 | . . 6 12 Total Damage 260 | . . 181 79 Kills 4 | . . 3 1 Allies Corrupted . | . . . . Allies Melted . | . . . . X0-1V1 Amusement Gains 95 | . 13 . 82 Good Acts 29 | . 1 16 12 Bad Acts 32 | . . 16 16 Intel | -11 -10 -9 -9 ------- Run | Yrd Mat Mat Sto Active Infowar (turns) 281 | . . 251 30 Sensors 281 | . . 251 30 Robot Analysis Total . | . . . . Derelict Logs Recovered . | . . . . Drone Launches . | . . . . Drone Recoveries . | . . . . Exploration | -11 -10 -9 -9 ------------- Run | Yrd Mat Mat Sto Turns Passed 7054 | 79 2751 3120 1104 Spaces Moved 2409 | 45 968 1144 252 Core 6 | 4 . . 2 Treads 1592 | 41 444 857 250 Legs 145 | . 60 85 . Wheels 666 | . 464 202 . Hover . | . . . . Flight . | . . . . Fastest Speed 50 | 50 160 135 50 Average Speed 252 | 150 254 232 351 Slowest Speed 480 | 160 480 330 410 Overloaded Moves . | . . . . Propulsion Burnouts . | . . . . Robots Hopped . | . . . . Potential Cave-ins 1 | . . . 1 Cave-ins Triggered . | . . . . Exploration Rate (%) 63 | 4 96 88 67 Regions Visited 3 Branch Regions 1 Pre-discovered Areas 1 | . . . 1 Known Exits Taken 1 | . . 1 . Unknown Exits Taken 2 | 1 1 . . Scrap Searched . | . . . . Spaces Dug 15 | . 8 7 . Terrain Destroyed 47 | . 10 25 12 Melee 2 | . . 2 . Projectile 2 | . 2 . . AOE 43 | . 8 23 12 Terrain Rammed . | . . . . Walls Destroyed . | . . . . Machines Disabled . | . . . . Actions | -11 -10 -9 -9 --------- Run | Yrd Mat Mat Sto Total 2989 | 54 1129 1432 374 Wait 87 | . 49 27 11 Move 2406 | 44 967 1143 252 Hop . | . . . . Pick Up 83 | 4 26 39 14 Fast Attach 18 | 6 1 6 5 Attach 25 | . 2 17 6 Detach . | . . . . Swap 37 | . 7 18 12 Drop 80 | . 7 52 21 Fire 225 | . 65 113 47 Melee 9 | . . 5 4 Ram 1 | . 1 . . Kick 1 | . 1 . . Crush 17 | . 3 12 2 Escape Stasis . | . . . . Rewire . | . . . . Trap . | . . . . Miscellaneous . | . . . . Route ------- -11/Scrapyard -10/Materials (discovered 6 exits: *Mat x3 / [*Min x2] / [*Sub]) -9/Materials (discovered 6 exits: *Mat x2 / *Min x2 / *Sto x2) -9/Storage (discovered 2 exits: Mat / Rec) History --------- Turn | Location | Event 5 | -11/Scrapyard | Discovered new exit (range 15) 80 | -11/Scrapyard | Entered Materials 118 | -10/Materials | Discovered new exit (range 16) 309 | -10/Materials | Build established: Mutant 532 | -10/Materials | Discovered new exit (range 6) 1080 | -10/Materials | Discovered new exit (range 6) 1456 | -10/Materials | Core integrity fell below 50% 1576 | -10/Materials | Discovered new exit (range 4) 1807 | -10/Materials | Discovered new exit (range 9) 2757 | -10/Materials | Discovered new exit (range 8) 2772 | -10/Materials | Prayed at D.C.S.S. Altar Unit 2816 | -10/Materials | TH resistance permanently improved by X0-1V1 (+10%; -100 max core) 2831 | -10/Materials | Entered another Materials area 2831 | -9/Materials | Evolved 2 slots: Propulsion x1, Utility x1 2861 | -9/Materials | Discovered new exit (range 14) 3142 | -9/Materials | X0-1V1 upgraded hostiles (x1) 3569 | -9/Materials | Energy generation permanently improved by X0-1V1 (+10; -100 max core) 3683 | -9/Materials | Discovered new exit (range 15) 3874 | -9/Materials | X0-1V1 sent you into danger 4022 | -9/Materials | Discovered new exit (range 7) 4022 | -9/Materials | Discovered new exit (range 15) 4113 | -9/Materials | X0-1V1 added 0b10 threat records associated with you (minor) 4912 | -9/Materials | X0-1V1 mutated your Weapon slot to Power slot 5503 | -9/Materials | Identified exit to Mines 5738 | -9/Materials | Discovered new exit (range 16) 5738 | -9/Materials | X0-1V1 sent you into danger 5765 | -9/Materials | X0-1V1 upgraded hostiles (x1) 5775 | -9/Materials | Core integrity fell below 50% 5778 | -9/Materials | Weapon slot count temporarily expanded by X0-1V1 (+3) 5782 | -9/Materials | X0-1V1 activates XOMVISION 5784 | -9/Materials | X0-1V1 sent you to a vault 5800 | -9/Materials | Identified exit to Materials 5800 | -9/Materials | X0-1V1 revealed exit location to -8/Materials 5820 | -9/Materials | X0-1V1 foreshadows a heat wave 5857 | -9/Materials | Core integrity restored by X0-1V1 (+30) 5860 | -9/Materials | X0-1V1 rewrote Slicer 2a IFF filter 5862 | -9/Materials | X0-1V1 enhanced Transport squad support 5910 | -9/Materials | X0-1V1 added 0b10 threat records associated with you (major) 5942 | -9/Materials | Identified exit to Storage 5951 | -9/Materials | Entered Storage 5971 | -9/Storage | X0-1V1 enhanced Transport squad support 5974 | -9/Storage | X0-1V1 mutated your Propulsion slot to Utility slot 5982 | -9/Storage | Lost 3 allies 5987 | -9/Storage | Core integrity restored by X0-1V1 (+50) 6030 | -9/Storage | X0-1V1 revealed exit location to -8/Materials 6087 | -9/Storage | X0-1V1 upgraded hostiles (x1) 6099 | -9/Storage | X0-1V1 sent allied S-10 Pest (x2) 6105 | -9/Storage | Core integrity permanently improved by X0-1V1 (+200) 6109 | -9/Storage | X0-1V1 mutated your Utility slot to Weapon slot 6148 | -9/Storage | System corruption reached 10% 6156 | -9/Storage | X0-1V1 announced a LAN party 6161 | -9/Storage | X0-1V1 redirected Transport squads to designated parking area 6164 | -9/Storage | X0-1V1 sent hostile S-10 Pest (x3) 6422 | -9/Storage | Learned location of Armory (-3) 6559 | -9/Storage | Build established: Scavenger-Tank 6779 | -9/Storage | Identified exit to Recycling 6779 | -9/Storage | X0-1V1 revealed exit location to -9/Recycling 6837 | -9/Storage | X0-1V1 vaporized surrounding terrain (radius 20) 6879 | -9/Storage | X0-1V1 added 0b10 threat records associated with you (considerable) 7053 | -9/Storage | Released all parts (2) 7055 | -9/Storage | Core integrity fell below 20% 7055 | -9/Storage | X0-1V1 sent allied G-34 Mercenary (x3) 7055 | -9/Storage | Destroyed by H-55 Commando with Gauss Rifle Last Messages --------------- 07050_ Penetrated by Slug. 07051_ G-34 Mercenary destroyed. 07052_ Penetrated by Slug. 07052_ Slug penetrates Wall. 07052_ Penetrated by Slug. 07052_ Critical hit (Destroy). 07052_ Arm. Treads destroyed. 07053_ X0-1V1 is amused. 07053_ Penetrated by Slug. 07053_ Released Huge Storage Unit. 07053_ Released Arm. Treads. 07053_ Dropped Hvy. Armor Plating. 07054_ K-01 Serf collects debris. 07055_ Penetrated by Slug. 07055_ Two rows of pristine grunt class robots stand immobile, all facing the entryway as if waiting for something. 07055_ The cosmic winds blow in a new direction. G-34 Mercenary form resolidifies at new position. 07055_ Penetrated by Slug. 07055_ X0-1V1 chortles! Map ----- +----------------------------------------------------+ | ????????????????????## ?????? | | ???????????????????## ?????? | | ??????????????????## ????? | | ?????????????????## ?????? | | ?????????????????# ????? | | ???????????????### + ???? | | ?????????#######[%= + ??## | | ????????? [ ### ? | | ???????